 Dungeon Crawl Stone Soup version 0.23.2-33-g5129a83184 (webtiles) character file.

Game seed: 2992889514671170024

510 Exodus22XD the Chopper (level 6, -1/53 HPs)
             Began as a Minotaur Fighter on June 30, 2019.
             Shot with an arrow by a centaur (9 damage)
             ... on level 7 of the Dungeon.
             The game lasted 00:05:10 (2728 turns).

Exodus22XD the Chopper (Minotaur Fighter)           Turns: 2728, Time: 00:05:12

Health: -1/53      AC: 11    Str: 23    XL:     6   Next: 98%
Magic:  5/5        EV:  6    Int:  5    God:
Gold:   178        SH: 10    Dex:  9    Spells: 5/5 levels left

rFire    . . .     SeeInvis .   a - +0 war axe
rCold    . . .     Gourm    .   c - +0 shield
rNeg     . . .     Faith    .   p - +0 chain mail
rPois    .         Spirit   .   (helmet restricted)
rElec    .         Reflect  .   m - +0 cloak
rCorr    .         Harm     .   (no gloves)
MR       .....                  (no boots)
Stlth    ..........             (no amulet)
HPRegen  0.17/turn              (no ring)
MPRegen  0.09/turn              (no ring)

@: no status effects
A: retaliatory headbutt, horns 2
a: no special abilities


You were on level 7 of the Dungeon.
You were hungry.

You visited 1 branch of the dungeon, and saw 5 of its levels.

You collected 178 gold pieces.

Inventory:

Hand Weapons
 a - a +0 war axe (weapon)
Armour
 b - a scarf of spirit shield
 c - a +0 shield (worn)
 m - a +0 cloak (worn)
 p - a +0 chain mail (worn)
Jewellery
 r - an uncursed ring of stealth {unknown}
Scrolls
 h - 2 scrolls of noise {unknown}
 j - 2 scrolls of fog {unknown}
 k - 2 scrolls of remove curse
 l - 2 scrolls of immolation {unknown}
 n - 3 scrolls of identify {unknown}
 q - a scroll of blinking {unknown}
 s - 2 scrolls of teleportation {unknown}
 t - 2 scrolls of fear {unknown}
Potions
 d - 2 potions of might
 e - a potion of curing {unknown}
 g - 3 potions of agility {unknown}
 o - a potion of berserk rage {unknown}
 u - 2 potions of degeneration {unknown}
 v - a potion of flight {unknown}
Comestibles
 f - 10 rations


   Skills:
 + Level 4.7 Fighting
 + Level 5.9 Axes
 + Level 5.1 Armour
 + Level 1.2 Dodging
 + Level 0.6 Stealth
 + Level 5.8 Shields


You had 5 spell levels left.
You didn't know any spells.
Your spell library was empty.

Dungeon Overview and Level Annotations

Branches:
Dungeon (7/15)
 Temple: D:4-7

Altars:
Cheibriados
Fedhas
Gozag


Innate Abilities, Weirdness & Mutations

You reflexively headbutt those who attack you in melee.
You have a pair of horns on your head.


Message History

a +0 shortbow; 15 arrows You slash the orc warrior!
You kill the orc warrior!
Your Armour skill increases to level 5!
You barely miss something. Something hits you.
* * * LOW HITPOINT WARNING * * *
The centaur shoots an arrow.
You block the arrow.
You closely miss the water moccasin zombie.
The centaur shoots an arrow.
You block the arrow.
The water moccasin zombie bites you but does no damage.
The centaur shoots an arrow.
The arrow hits you.
* * * LOW HITPOINT WARNING * * *
You block the water moccasin zombie's attack.
You slash the water moccasin zombie! You headbutt the water moccasin zombie.
The water moccasin zombie is moderately damaged.
The centaur shoots an arrow.
The arrow hits you.
* * * LOW HITPOINT WARNING * * *
The water moccasin zombie bites you but does no damage.
The centaur shoots an arrow.
The arrow hits you!
You die...

#..##.###.#
#.........#
##.##.#####
#.##.# #.##.#
#.##.#
####(##.###
###....c......
#@((#....#...#
#Z#.#.#....#.#
#..###....##
..## #####
.##. #. # . ##


You could see a centaur and a water moccasin zombie.

Vanquished Creatures
  An orc warrior (D:7)
  2 centaurs (D:7)
  A bullfrog (D:7)
  A centaur skeleton (D:3)
  Crazy Yiuf (D:2)
  3 adders
  A shadow imp (D:7)
  5 worms
  2 dart slugs
  4 leopard geckos
  4 orcs
  6 giant cockroaches
  6 goblins
  4 hobgoblins
  5 jackals
  11 kobolds
  3 ball pythons (D:1)
  5 bats
  4 frilled lizards
  10 rats
  2 fungi (D:2)
81 creatures vanquished.

Notes
Turn   | Place    | Note
-------+----------+-------------------------------------------
     0 | D:1      | Exodus22XD the Minotaur Fighter began the quest for the
                  | Orb.
     0 | D:1      | Reached XP level 1. HP: 19/19 MP: 0/0
   199 | D:1      | Reached XP level 2. HP: 27/27 MP: 1/1
   504 | D:1      | Reached XP level 3. HP: 33/33 MP: 2/2
  1388 | D:2      | Reached XP level 4. HP: 37/40 MP: 3/3
  1647 | D:2      | Found a runed translucent door.
  1648 | D:2      | Noticed Crazy Yiuf
  1654 | D:2      | Killed Crazy Yiuf
  1796 | D:3      | Reached skill level 5 in Shields
  1796 | D:3      | Reached XP level 5. HP: 12/46 MP: 4/4
  2091 | D:3      | Found a blossoming altar of Fedhas.
  2228 | D:3      | Found a snail-covered altar of Cheibriados.
  2526 | D:4      | Found an opulent altar of Gozag.
  2531 | D:4      | You fall through a shaft for 3 floors!
  2701 | D:7      | Noticed a centaur
  2705 | D:7      | Noticed a centaur
  2709 | D:7      | Noticed an orc warrior
  2711 | D:7      | Killed a centaur
  2711 | D:7      | Reached skill level 5 in Axes
  2711 | D:7      | Reached XP level 6. HP: 19/53 MP: 5/5
  2718 | D:7      | Reached skill level 1 in Dodging
  2726 | D:7      | Killed an orc warrior
  2726 | D:7      | Reached skill level 5 in Armour
  2728 | D:7      | Shot with an arrow by a centaur

Skill      XL: |  1  2  3  4  5  6 |
---------------+-------------------+-----
Shields        | 4 5 |  5.8
Axes           | 3 4 5 |  5.9
Fighting       | 4 |  4.7
Armour         | 4 5 |  5.1
Dodging        | 1 |  1.2
Stealth        | |  0.6

Action                   |  1- 3 |  4- 6 || total
-------------------------+-------+-------++-------
Melee: War axe           |    91 |   108 ||   199
       Headbutt          |    12 |    22 ||    34
  Use: Scroll            |       |     1 ||     1
       Potion            |       |     4 ||     4
  Eat: Chunk             |     1 |     1 ||     2
       Ration            |       |     1 ||     1
Armor: Scale mail        |    42 |     1 ||    43
       Chain mail        |       |    47 ||    47
Dodge: Dodged            |    34 |    46 ||    80
Block: Shield            |    47 |    81 ||   128
